 Dungeon Crawl Stone Soup version 0.17.0-28-g6e173f8 (webtiles) character file.

2376 septik the Destroyer (level 9, -5/45 HPs)
             Began as a Deep Elf Fire Elementalist on Nov 22, 2015.
             Was a Believer of Vehumet.
             Slain by an orc warrior
             ... wielding a +0 long sword
              (22 damage)
             ... on level 7 of the Dungeon.
             The game lasted 00:18:53 (7177 turns).

septik the Destroyer (Deep Elf Fire Elementalist)   Turns: 7177, Time: 00:18:53

Health: -5/45      AC:  5    Str:  5    XL:     9   Next: 21%
Magic:  14/23      EV: 15    Int: 24    God:    Vehumet [**....]
Gold:   375        SH:  0    Dex: 18    Spells: 5 memorised, 11 levels left

rFire  . . .     SeeInvis .     J - +6 rapier of Contention {pierce, MR+ Dex+3}
rCold  . . .     Clarity  .     q - +2 robe {MR+}
rNeg   . . .     SustAt   .     (no shield)
rPois  .         Gourm    .     g - +0 helmet
rElec  .         Spirit   .     (no cloak)
rCorr  .         Warding  .     (no gloves)
rMut   .         Stasis   .     (no boots)
MR     ++...                    (no amulet)
Stlth  ++........               (no ring)
                                t - +2 ring of evasion

@: very resistant to hostile enchantments, unstealthy
A: no striking features
a: Renounce Religion


You were on level 7 of the Dungeon.
You worshipped Vehumet.
Vehumet was pleased with you.
You were not hungry.

You visited 2 branches of the dungeon, and saw 8 of its levels.

You collected 375 gold pieces.

Inventory:

Hand Weapons
 e - a +0 whip
 i - a cursed -1 whip
 E - a +2 war axe of electrocution
 G - a cursed -1 hand axe
 J - the +6 rapier of Contention (weapon) {pierce, MR+ Dex+3}
   (You found it on level 7 of the Dungeon)

   It inflicts extra damage upon your enemies.
   It affects your dexterity (+3).
   It affects your resistance to hostile enchantments.
Missiles
 f - 169 stones (quivered)
 F - 2 throwing nets
Armour
 a - a +0 robe
 g - a +0 helmet (worn)
 j - a +2 scale mail of magic resistance
 q - a +2 robe of magic resistance (worn)
 C - a +3 ring mail
Jewellery
 t - a +2 ring of evasion (left hand)
Wands
 p - a wand of heal wounds (7)
 y - a wand of confusion (31)
Scrolls
 h - a scroll of fear
 k - 2 scrolls of remove curse
 l - 5 scrolls of identify
 n - a scroll of teleportation
 r - a scroll of recharging {unknown}
Potions
 d - 2 potions of magic
 s - a potion of heal wounds {unknown}
 v - 2 potions of lignification {unknown}
 w - a potion of degeneration {unknown}
 z - a potion of resistance {unknown}
 A - 3 potions of might {unknown}
 B - a potion of flight {unknown}
 D - a potion of agility {unknown}
Books
 b - a book of Flames

   Spells                             Type                      Level
   a - Flame Tongue                   Conjuration/Fire             1
   b - Throw Flame                    Conjuration/Fire             2
   c - Conjure Flame                  Conjuration/Fire             3
   d - Inner Flame                    Hexes/Fire                   3
   e - Sticky Flame                   Conjuration/Fire             4
   f - Fireball                       Conjuration/Fire             5
 m - a Fen Folio

   Spells                             Type                      Level
   a - Corpse Rot                     Necromancy                   2
   b - Stone Arrow                    Conjuration/Earth            3
   c - Leda's Liquefaction            Hexes/Earth                  4
   d - Summon Forest                  Summoning/Translocation      5
   e - Hydra Form                     Transmutation                6
   f - Summon Hydra                   Summoning                    7
 x - a book of Clouds

   Spells                             Type                      Level
   a - Mephitic Cloud                 Conjuration/Poison/Air       3
   b - Conjure Flame                  Conjuration/Fire             3
   c - Poisonous Cloud                Conjuration/Poison/Air       6
   d - Freezing Cloud                 Conjuration/Ice/Air          6
   e - Ring of Flames                 Charms/Fire                  7
 I - a book of Battle

   Spells                             Type                      Level
   a - Infusion                       Charms                       1
   b - Shroud of Golubria             Charms/Translocation         2
   c - Song of Slaying                Charms                       2
   d - Spectral Weapon                Hexes/Charms                 3
   e - Regeneration                   Charms/Necromancy            3
Comestibles
 c - 5 bread rations
 o - 2 fruits
 u - 2 meat rations
 H - a chunk of flesh


   Skills:
 - Level 2.4 Dodging
 - Level 2.4 Stealth
 + Level 8.9 Spellcasting
 + Level 9.2 Conjurations
 * Level 7.9 Fire Magic


You had 11 spell levels left.
You knew the following spells:

 Your Spells              Type           Power        Failure   Level  Hunger
a - Flame Tongue          Conj/Fire      #####        1%          1    None
b - Conjure Flame         Conj/Fire      ######..     1%          3    None
c - Sticky Flame          Conj/Fire      ######..     1%          4    ##.....
d - Fireball              Conj/Fire      ######....   6%          5    ####...
e - Shock                 Conj/Air       ####         1%          1    None


Dungeon Overview and Level Annotations

Branches:
Dungeon (7/15)             Temple (1/1) D:4

Altars:
Ashenzari
Elyvilon
Fedhas
Kikubaaqudgha
Makhleb
Nemelex Xobeh
Okawaru
Vehumet
Xom
Zin
The Shining One

Shops:
D:6 (


Message History

The orc wizard gestures wildly while chanting.
The orc wizard flickers and vanishes!
Deactivating autopickup; reactivate with Ctrl-A.
Casting: Flame Tongue
Confirm with . or Enter, or press ? or * to list all spells.
Aiming: Flame Tongue
Press: ? - help, Shift-Dir - straight line, f/p - orc warrior
Aim: an orc warrior, wielding a long sword and wearing a plate armour (heavily wounded)
The flame tongue hits the orc warrior.
The orc warrior is almost dead.
The orc warrior hits you with a long sword!
Casting: Flame Tongue
Confirm with . or Enter, or press ? or * to list all spells.
Aiming: Flame Tongue
Press: ? - help, Shift-Dir - straight line, f/p - orc warrior
Aim: an orc warrior, wielding a long sword and wearing a plate armour (severely wounded)
The flame tongue hits the orc warrior.
The orc warrior appears unharmed.
The orc warrior is severely wounded.
The orc warrior hits you with a long sword!!
You die...

##...........#
#..........## ####
####.[.......#
##..###............#
##.....#..^^.......##
#........^_^.###...#
.........^^^..######
................##
.............##.@#
............#####o{#
............## ##oo#
.............# .)..
(#.......)...# #.#
###..........# #
..#####.######
....##.## ##.....#


You could see an orc warrior, an orc priest and an orc.

Vanquished Creatures
  The ghost of Archteshnor the Slasher, an amateur HuGl (D:5)
  2 ice beasts
  A phantom (D:7)
  4 ogres
  A sky beast (D:5)
  An orc warrior (D:6)
  A big kobold (D:6)
  3 giant frogs
  2 scorpions
  A vampire bat (D:2)
  A wasp zombie (D:7)
  A jelly (D:6)
  Ijyb (D:3)
  An iguana (D:6)
  2 giant frog skeletons
  A gnoll shaman (D:7)
  5 orc wizards
  Jessica (D:2)
  6 orc priests
  3 worker ants
  A hound skeleton (D:6)
  A worker ant zombie (D:5)
  9 adders
  11 gnolls
  2 oozes (D:2)
  5 giant geckos
  38 orcs
  7 bats
  3 bat skeletons (D:2)
  2 bat zombies (D:2)
  5 giant cockroaches
  10 hobgoblins
  7 kobolds
  10 quokkas
  4 ball pythons
  9 giant newts
  8 goblins
  11 rats
182 creatures vanquished.

Notes
Turn   | Place    | Note
--------------------------------------------------------------
     0 | D:1      | septik the Deep Elf Fire Elementalist began the quest for the Orb.
     0 | D:1      | Reached XP level 1. HP: 10/10 MP: 6/6
   219 | D:1      | Reached XP level 2. HP: 15/15 MP: 4/8
   826 | D:2      | Reached XP level 3. HP: 16/19 MP: 3/10
   836 | D:2      | Reached skill level 4 in Spellcasting
  1184 | D:2      | Reached XP level 4. HP: 20/24 MP: 6/12
  1557 | D:2      | Noticed Jessica
  1563 | D:2      | Killed Jessica
  1729 | D:2      | Found an ancient bone altar of Kikubaaqudgha.
  1729 | D:2      | Noticed a vampire bat
  1740 | D:2      | Killed a vampire bat
  1740 | D:2      | Reached skill level 5 in Spellcasting
  1740 | D:2      | Reached XP level 5. HP: 22/28 MP: 0/14
  2095 | D:3      | Noticed Ijyb
  2101 | D:3      | Killed Ijyb
  2714 | D:3      | Reached skill level 5 in Fire Magic
  2721 | D:3      | Reached XP level 6. HP: 14/32 MP: 7/16
  3181 | D:3      | Found a blossoming altar of Fedhas.
  3181 | D:3      | Found a radiant altar of Vehumet.
  3191 | D:3      | Became a worshipper of Vehumet
  3390 | D:3      | Reached skill level 6 in Spellcasting
  3402 | D:3      | Learned a level 3 spell: Conjure Flame
  3407 | D:3      | Learned a level 4 spell: Sticky Flame
  3413 | D:3      | Learned a level 5 spell: Fireball
  3530 | D:4      | Found a staircase to the Ecumenical Temple.
  3707 | D:4      | Reached XP level 7. HP: 19/36 MP: 11/18
  3715 | D:4      | Found a sand-covered staircase.
  4037 | Temple   | Entered the Ecumenical Temple
  4052 | D:5      | Entered Level 5 of the Dungeon
  4236 | D:5      | Found a glowing golden altar of the Shining One.
  4249 | D:5      | Reached skill level 5 in Conjurations
  4260 | D:5      | Found an iron altar of Okawaru.
  4301 | D:5      | Noticed Archteshnor's ghost (amateur HuGl)
  4346 | D:5      | Killed Archteshnor's ghost
  4346 | D:5      | Reached skill level 7 in Spellcasting
  4408 | D:5      | Reached * piety under Vehumet
  4408 | D:5      | Offered knowledge of Shock by Vehumet.
  4617 | D:5      | Reached XP level 8. HP: 41/41 MP: 14/20
  5185 | D:6      | Learned a level 1 spell: Shock
  5202 | D:6      | Found Onturch's Antique Weapon Shoppe.
  5509 | D:6      | Reached skill level 8 in Spellcasting
  6043 | D:6      | Found a glowing silver altar of Zin.
  6329 | D:6      | Reached ** piety under Vehumet
  6329 | D:6      | Offered knowledge of Magic Dart by Vehumet.
  6461 | D:7      | Reached XP level 9. HP: 45/45 MP: 19/23
  6967 | D:7      | Reached skill level 9 in Conjurations
  6980 | D:7      | Found a shimmering altar of Xom.
  7153 | D:7      | Got a twisted rapier
  7154 | D:7      | Identified the +6 rapier of Contention {pierce, MR+ Dex+3} (You found it on level 7 of the Dungeon)
  7177 | D:7      | Slain by an orc warrior

Action                   |  1- 3 |  4- 6 |  7- 9 || total
-------------------------+-------+-------+-------++-------
Melee: Whip              |       |     3 |    26 ||    29
Throw: Stone             |       |       |     1 ||     1
 Cast: Flame Tongue      |    59 |   151 |   238 ||   448
       Conjure Flame     |       |       |     4 ||     4
       Sticky Flame      |       |       |     6 ||     6
  Use: Scroll            |       |     5 |     1 ||     6
       Potion            |       |       |     1 ||     1
  Eat: Chunk             |     1 |     7 |    11 ||    19
